 Dungeon Crawl Stone Soup version 0.20.1-1-g8b1a95d (webtiles) character file.

439824 manyhoops the Stormcaller (level 22, -5/185 HPs)
             Began as a Demigod Air Elementalist on Aug 22, 2017.
             Slain by an acid blob (16 damage)
             ... on level 1 of the Pits of Slime.
             The game lasted 04:02:08 (94784 turns).

manyhoops the Stormcaller (DgAE)                   Turns: 94784, Time: 04:02:09

Health: -5/185     AC: 18    Str: 20    XL:     22   Next: 0%
Magic:  1/44       EV: 11    Int: 35    God:
Gold:   2339       SH:  0    Dex: 20    Spells: 2/46 levels left

rFire    x . .     SeeInvis +   J - +11 lajatang "Oholio" {venom, MR+}
rCold    + + .     Gourm    .   (shield currently unavailable)
rNeg     + . .     Faith    .   X - +10 chain mail "Bieval" {Dex+4 SInv}
rPois    .         Spirit   .   R - +1 hat of the Harvest {rElec}
rElec    +         Reflect  .   y - scarf {repulsion}
rCorr    .         Harm     .   O - +2 pair of gloves
MR       +++..                  u - +1 pair of boots {Fly}
Stlth    ..........             L - amulet of magic regeneration
Regen    0.4/turn               B - ring "Tury" {rF- rC+ rN+ Str+5 Int+4}
MPRegen  0.5/turn               K - ring of protection from cold

@: about to teleport, corroded, flying, very slightly contaminated, invisible,
repel missiles
A: talons 1, high mp 1, strong 1, MP-powered wands
}: 2/15 runes: decaying, serpentine
a: Stop Flying


You were on level 1 of the Pits of Slime.
You were not hungry.

You visited 8 branches of the dungeon, and saw 41 of its levels.
You visited 1 bazaar.
You also visited: Ice Cave and Wizlab.

You collected 5658 gold pieces.
You spent 3319 gold pieces at shops.

Inventory:

Hand Weapons
 d - a +7 vampiric lajatang
 J - the +11 lajatang "Oholio" (weapon) {venom, MR+}
   (You took it off a deep elf sorcerer on level 3 of the Elven Halls)

   It poisons the flesh of those it strikes.
   It affects your resistance to hostile enchantments.
Armour
 u - a +1 pair of boots of flying (worn)
 y - a scarf of repulsion (worn)
 O - a +2 pair of gloves (worn)
 R - the +1 hat of the Harvest (worn) {rElec}
   (You acquired it on level 5 of the Lair of Beasts)

   It insulates you from electricity.
 X - the +10 chain mail "Bieval" (worn) {Dex+4 SInv}
   (You found it on level 6 of the Lair of Beasts)

   It affects your dexterity (+4).
   It lets you see invisible.
Magical Staves
 b - an uncursed staff of conjuration
 w - an uncursed staff of power
 W - an uncursed staff of wizardry
Jewellery
 g - an uncursed ring of resist corrosion
 i - an uncursed ring of protection from magic
 j - the ring "Naoqeu" {+Fly MR+ SInv}
   (You took it off a deep elf sorcerer on level 3 of the Elven Halls)

   [ring of flight]

   It affects your resistance to hostile enchantments.
   It lets you see invisible.
   It lets you fly.
 l - the ring of Phasing {EV+8}
   (You found it in an ice cave)

   [ring of evasion]

   It affects your evasion (+8).
 s - the ring of the Mackerel {rF+ AC+1}
   (You found it in an ice cave)

   [ring of protection]

   It affects your AC (+1).
   It protects you from fire.
 B - a ring "Tury" (left hand) {rF- rC+ rN+ Str+5 Int+4}
   (You took it off an orc knight on level 1 of the Vaults)

   [ring of strength]

   It affects your strength (+5).
   It affects your intelligence (+4).
   It makes you vulnerable to fire.
   It protects you from cold.
   It protects you from negative energy.
 D - an uncursed amulet of the gourmand
 K - a ring of protection from cold (right hand)
 L - an amulet of magic regeneration (around neck)
 P - the ring of Zohumm {+Inv rPois rF++ rC+ Int+5}
   (You bought it in a shop on level 13 of the Dungeon)

   [ring of intelligence]

   It affects your intelligence (+5).
   It greatly protects you from fire.
   It protects you from cold.
   It protects you from poison.
   It lets you turn invisible.
 Y - an uncursed ring of stealth
Wands
 a - a wand of digging (11/24)
 V - a wand of disintegration (0/24)
Scrolls
 e - a scroll of noise
 f - a scroll of identify
 h - 8 scrolls of amnesia
 k - a scroll of teleportation
 n - 6 scrolls of enchant weapon
 o - 4 scrolls of fear
 p - 19 scrolls of remove curse
 t - a scroll of magic mapping
 E - a scroll of vulnerability
 H - 6 scrolls of fog
 Q - 4 scrolls of immolation
 T - 3 scrolls of recharging
Potions
 m - 5 potions of lignification
 q - 4 potions of mutation
 r - 5 potions of flight
 x - a potion of berserk rage
 A - a potion of magic
 C - 4 potions of brilliance
 F - 3 potions of resistance
 G - 2 potions of haste
 I - a potion of agility
 M - 5 potions of ambrosia
 N - 7 potions of curing
 U - a potion of invisibility
 Z - 3 potions of might
Books
 z - a book of Power

   Spells                             Type                      Level
   a - Iskenderun's Battlesphere      Conjuration/Charms           5
   b - Venom Bolt                     Conjuration/Poison           5
   c - Bolt of Magma                  Conjuration/Fire/Earth       5
   d - Iron Shot                      Conjuration/Earth            6
   e - Orb of Destruction             Conjuration                  7
   f - Spellforged Servitor           Conjuration/Summoning        7
 S - the Papyrus of the Modern Stars
   (You bought it in a shop in a bazaar)

   Spells                             Type                      Level
   a - Shock                          Conjuration/Air              1
   b - Regeneration                   Charms/Necromancy            3
   c - Excruciating Wounds            Charms/Necromancy            5
   d - Deflect Missiles               Charms/Air                   6
Comestibles
 c - 8 bread rations


   Skills:
 - Level 13.0 Fighting
   Level 0.8 Short Blades
 - Level 14.0 Staves
 - Level 4.5 Throwing
 - Level 6.5 Armour
 - Level 5.2 Dodging
 - Level 1.7 Stealth
   Level 4.1 Shields
 - Level 12.7 Spellcasting
 - Level 19.4 Conjurations
 + Level 3.0 Charms
 - Level 20.5 Air Magic


You had 2 spell levels left.
You knew the following spells:

 Your Spells              Type           Power        Failure   Level  Hunger
a - Shock                 Conj/Air       ####         0%          1    None
b - Swiftness             Chrm/Air       #######.     1%          2    None
c - Static Discharge      Conj/Air       ########     0%          3    None
d - Airstrike             Air            ########..   1%          4    None
e - Conjure Flame         Conj/Fire      ######..     1%          3    None
f - Lightning Bolt        Conj/Air       ########..   1%          5    None
g - Inner Flame           Hex/Fire       ###.....     43%         3    None
h - Ozocubu's Armour      Chrm/Ice       ####....     26%         3    None
i - Blink                 Tloc           N/A          24%         2    None
j - Mephitic Cloud        Conj/Pois/Air  #######.     1%          3    None
k - Shroud of Golubria    Chrm/Tloc      ####......   13%         2    None
l - Orb of Destruction    Conj           ########..   4%          7    #####..
m - Deflect Missiles      Chrm/Air       #######...   19%         6    ###....


Dungeon Overview and Level Annotations

Branches:
Dungeon (15/15)            Temple (0/1) D:5            Lair (6/6) D:9
  Swamp (4/4) Lair:3        Snake (4/4) Lair:4        Slime (2/5) Lair:6
    Orc (2/2) D:12            Elf (3/3) Orc:2        Vaults (4/5) D:13
  Crypt (0/3) Vaults:3     Depths (0/5) D:15

Shops:
D:8 =   D:13 *%%=   Orc:1 ?   Orc:2 ((((   Elf:2 }=}   Vaults:1 [

Portals:
Trove: D:11 (give +6 demon trident)

Annotations:
D:5 Fingolfin's ghost, novice FoMo
D:6 1 runed door


Innate Abilities, Weirdness & Mutations

You have an increased reservoir of magic. (+10% MP)
You have sharp toenails.
Your muscles are strong. (Str +2)
You expend magic power (3 MP) to strengthen your wands.


Message History

The slime creature hits you!
* * * LOW HITPOINT WARNING * * *
The slime creature misses you.
Unknown command.
Two slime creatures merge to form a large slime creature.
An enormous slime creature splits.
Your surroundings suddenly seem different.
An eye of draining comes into view.
The eye of draining turns its gaze towards you.
An acid blob comes into view.
The acid blob quivers.
As you read the scroll of teleportation, it crumbles to dust.
You feel strangely unstable.
You are splashed with acid!
The walls burn you!
* * * LOW HITPOINT WARNING * * *
The eye of draining gazes at you.
You feel your power leaking away. The acid blob spits acid at you.
The splash of acid is repelled.
You feel better. The acid blob hits you!
You die...

#####
##.#.##
#.....##..
#.@.....#
#J.G......
#.........
#.........
..........
...........
.....#.....
......J..J..


You could see an acid blob, 2 slime creatures and an eye of draining.

Vanquished Creatures
  Vashnia (Snake:2)
  the Lernaean hydra (Swamp:4)
  Nikola (Lair:4)
  Jorgrun (Vaults:1)
  A deep elf blademaster (Elf:2)
  2 deep elf master archers (Elf:3)
  2 acid blobs
  Gastronok (Lair:1)
  2 sphinxes (Vaults:4)
  An ancient champion (Vaults:3)
  Kirke (Lair:5)
  Donald (Orc:2)
  14 nagarajas
  6 vault wardens
  An iron dragon (Vaults:3)
  2 orc warlords
  8 deep elf sorcerers
  The ghost of sverre the Severer, a journeyman MiBe of Trog (Snake:2)
  A ghoul (Vaults:3)
  Aizul (Swamp:3)
  4 very ugly things
  2 deep elf elementalists (Elf:3)
  A curse skull (Vaults:3)
  13 ironheart preservers
  4 stone giants
  7 deep elf demonologists
  Azrael (Orc:1)
  15 deep elf annihilators
  2 ettins (Vaults:3)
  2 fire dragons (D:15)
  10 deep elf high priests
  10 deep elf death magi
  11 yaktaur captains
  16 naga warriors
  2 great orbs of eyes
  3 rakshasas
  3 ice dragons
  21 hydras
  22 anacondas
  26 vault guards
  6 centaur warriors
  31 two-headed ogres
  2 death knights (Vaults:3)
  A ghost crab (Swamp:2)
  An anaconda (shapeshifter) (WizLab)
  33 dancing weapons
  12 ogre magi
  8 alligators
  2 deep troll earth magi
  A deep troll shaman (Vaults:3)
  7 orc high priests
  A death yak (Lair:5)
  14 shock serpents
  19 naga sharpshooters
  Urug (D:11)
  26 deep elf knights
  An iron golem (WizLab)
  6 salamander mystics
  4 shadow wraiths
  An unseen horror (shapeshifter) (Elf:1)
  A hell knight (Vaults:4)
  6 skeletal warriors
  A spriggan druid (Swamp:3)
  4 unseen horrors
  2 wizards
  14 naga ritualists
  An orange crystal statue (Elf:3)
  16 deep trolls
  5 flayed ghosts
  4 shambling mangroves
  14 ironbrand convokers
  18 deep elf archers
  9 swamp dragons
  A glowing orange brain (Vaults:1)
  3 harpies (Vaults:2)
  A harpy (shapeshifter) (Vaults:2)
  9 orc knights
  A lindwurm (Lair:6)
  72 deep elf magi
  2 phantasmal warriors
  Pikel (D:4)
  An orc sorcerer (Orc:1)
  16 mana vipers
  4 wolf spiders
  8 cyclopes
  A shining eye (Slime:2)
  26 ugly things
  A wolf spider (shapeshifter) (D:13)
  6 manticores
  An elephant (shapeshifter) (Elf:3)
  A salamander (shapeshifter) (Vaults:1)
  22 salamanders
  A guardian serpent (shapeshifter) (WizLab)
  2 guardian serpents
  13 elephants
  50 black mambas
  3 gargoyles
  32 naga magi
  15 vault sentinels
  A torpor snail (Lair:4)
  2 ice statues (IceCv)
  10 komodo dragons
  22 spiny frogs
  28 yaktaurs
  6 rime drakes
  6 freezing wraiths
  3 centaur skeletons
  3 kobold demonologists
  A meliai (shapeshifter) (Vaults:4)
  2 polar bears (shapeshifter)
  4 tyrant leeches
  A jumping spider (shapeshifter) (WizLab)
  7 trolls
  7 polar bears (Lair:6)
  A blink frog (shapeshifter) (Elf:1)
  Grinder (D:3)
  25 hornets
  21 blink frogs
  A harpy skeleton (D:15)
  20 bog bodies
  38 slime creatures
  2 dream sheep (Lair:6)
  5 air elementals
  11 hippogriffs
  20 spriggans
  4 wraiths
  A spriggan (shapeshifter) (Vaults:2)
  5 shadows
  43 yaks
  3 water elementals
  10 fire elementals
  2 hogs (shapeshifter)
  3 golden eyes (Slime:1)
  4 hogs (Lair:5)
  3 wyverns
  A human (shapeshifter) (Vaults:2)
  31 vampire mosquitoes
  5 hungry ghosts
  2 basilisks
  A human simulacrum (Vaults:2)
  Grum (D:8)
  17 insubstantial wisps
  55 nagas
  7 wargs
  27 swamp worms
  5 soldier ants
  2 acid dragons
  A naga (shapeshifter) (WizLab)
  18 water moccasins
  A hell hound (Orc:1)
  Duvessa (D:6)
  6 small abominations
  9 porcupines
  10 swamp drakes
  An ice beast (shapeshifter) (WizLab)
  30 ogres
  A slave (D:4)
  34 orc warriors
  17 ice beasts
  4 phantoms
  3 sky beasts (D:9)
  3 eyes of draining
  The ghost of Gobbopathe the Chopper, an amateur FoAK of Lugonu (D:3)
  33 wolves
  29 centaurs
  8 boggarts
  15 crocodiles
  4 big kobolds
  17 bullfrogs
  4 earth elementals
  6 scorpions
  Dowan (D:6)
  10 killer bees
  A water moccasin skeleton (D:11)
  18 wights
  2 howler monkeys
  13 electric eels
  10 crimson imps
  3 centaur zombies
  5 hounds
  3 bullfrog skeletons
  7 jellies
  25 orc wizards
  43 orc priests
  A gnoll shaman (D:6)
  Terence (D:3)
  Natasha (thrice) (D:3)
  3 iguanas
  21 worker ants
  A hound skeleton (D:7)
  2 hound zombies
  A worker ant zombie (D:6)
  3 gnolls (D:6)
  An adder (shapeshifter) (WizLab)
  22 adders
  5 shadow imps
  An ooze (D:3)
  2 adder skeletons
  2 worms
  2 dart slugs
  8 leopard geckos
  132 orcs
  2 ball pythons
  14 bats
  A bat zombie (D:2)
  7 giant cockroaches
  18 goblins
  9 hobgoblins
  9 jackals
  5 quokkas
  A ball python zombie (D:2)
  A frilled lizard (D:1)
  A jackal skeleton (D:2)
  A jackal zombie (D:2)
  26 kobolds
  10 rats
  3 crawling corpses (Elf:3)
  A fungus (Lair:5)
  5 plants
1991 creatures vanquished.

Vanquished Creatures (others)
  A naga sharpshooter (Snake:4)
  A black mamba (Snake:1)
  2 slime creatures (Swamp:3)
  A naga (Snake:1)
  A swamp worm (Swamp:2)
  A swamp drake (Swamp:4)
  A boggart (Vaults:3)
  A scorpion (D:4)
  2 orcs (Orc:1)
  2 bushes
  59 fungi
  71 plants
143 creatures vanquished.

Grand Total: 2134 creatures vanquished

Notes
Turn   | Place    | Note
-------+----------+-------------------------------------------
     0 | D:1      | manyhoops the Demigod Air Elementalist began the quest for the Orb.
     0 | D:1      | Reached XP level 1. HP: 14/14 MP: 5/5
   236 | D:1      | Reached skill level 1 in Conjurations
   329 | D:1      | Reached skill level 3 in Air Magic
   357 | D:1      | Reached XP level 2. HP: 16/20 MP: 0/7
  1357 | D:1      | Reached XP level 3. HP: 18/26 MP: 5/8
  1506 | D:2      | Learned a level 2 spell: Swiftness
  1510 | D:2      | Learned a level 3 spell: Static Discharge
  2246 | D:2      | Reached XP level 4. HP: 33/33 MP: 1/10
  2590 | D:3      | Noticed Grinder
  2639 | D:3      | Noticed Gobbopathe's ghost (amateur FoAK)
  3001 | D:3      | Found a faded altar of an unknown god.
  3151 | D:3      | Noticed Natasha
  3159 | D:3      | Killed Natasha
  3417 | D:3      | Reached skill level 4 in Air Magic
  3601 | D:3      | Found a snail-covered altar of Cheibriados.
  3601 | D:3      | Found a faded altar of an unknown god.
  3616 | D:3      | Reached XP level 5. HP: 30/38 MP: 11/11
  3680 | D:3      | Found a faded altar of an unknown god.
  3682 | D:3      | Found a sacrificial altar of Ru.
  3683 | D:3      | Found a stormy altar of Qazlal.
  3747 | D:3      | Noticed Terence
  3753 | D:3      | Killed Terence
  3798 | D:3      | Noticed Natasha
  3804 | D:3      | Killed Natasha
  4355 | D:4      | Noticed Pikel
  4355 | D:4      | Noticed a slave
  4355 | D:4      | Noticed a slave
  4355 | D:4      | Noticed a slave
  4355 | D:4      | Noticed a slave
  4362 | D:3      | Noticed Natasha
  4367 | D:3      | Killed Natasha
  4673 | D:4      | Reached XP level 6. HP: 45/45 MP: 10/13
  5438 | D:4      | Learned a level 4 spell: Airstrike
  5453 | D:4      | Killed Pikel
  5453 | D:4      | Reached XP level 7. HP: 41/50 MP: 1/15
  6315 | D:3      | Killed Gobbopathe's ghost
  6638 | D:3      | Killed Grinder
  6638 | D:3      | Reached skill level 5 in Air Magic
  6638 | D:3      | Reached XP level 8. HP: 42/57 MP: 1/17
  6780 | D:5      | Entered Level 5 of the Dungeon
  6824 | D:5      | Noticed Fingolfin's ghost (novice FoMo)
  6836 | D:5      | Found a staircase to the Ecumenical Temple.
  7656 | D:6      | Reached skill level 5 in Conjurations
  7913 | D:6      | Learned a level 3 spell: Conjure Flame
  7954 | D:6      | Found a runed door.
  7957 | D:6      | Found a runed gate.
  7965 | D:6      | Found a runed gate.
  7965 | D:6      | Found a runed gate.
  7999 | D:6      | Reached skill level 6 in Air Magic
  8315 | D:6      | Got a blackened mace
  8316 | D:6      | Identified the +6 mace of Hatred {crush, rElec} (You found it on level 6 of the Dungeon)
  8404 | D:6      | Noticed Dowan
  8411 | D:6      | Killed Dowan
  8412 | D:6      | Noticed Duvessa
  8423 | D:6      | Killed Duvessa
  8992 | D:6      | Found a runed door.
  9308 | D:6      | Reached skill level 7 in Air Magic
  9308 | D:6      | Reached XP level 9. HP: 47/62 MP: 1/20
  9598 | D:7      | Found a transporter.
  9766 | D:7      | Reached skill level 5 in Spellcasting
  9904 | D:7      | Found a transporter.
 11096 | D:8      | Learned a level 5 spell: Lightning Bolt
 11456 | D:8      | Found Myaxkeck's Jewellery Boutique.
 11467 | D:8      | Reached skill level 8 in Air Magic
 11470 | D:8      | Noticed Grum
 12024 | D:8      | Killed Grum
 12876 | D:9      | Found a shattered altar of Ashenzari.
 13184 | D:9      | Reached XP level 10. HP: 55/69 MP: 5/23
 13188 | D:9      | Gained mutation: You have sharp toenails. [mutagenic meat]
 13189 | D:9      | Gained mutation: You expend magic power (3 MP) to strengthen your wands. [mutagenic meat]
 13190 | D:9      | Gained mutation: Your muscles are strong. (Str +2) [mutagenic meat]
 13290 | D:9      | Reached skill level 9 in Air Magic
 14048 | D:9      | Learned a level 3 spell: Inner Flame
 15007 | D:9      | Found a staircase to the Lair.
 15467 | D:6      | Reached skill level 10 in Air Magic
 16605 | D:10     | Entered Level 10 of the Dungeon
 16719 | D:10     | Noticed a purple ugly thing
 16729 | D:10     | Killed a purple ugly thing
 17367 | D:10     | Reached XP level 11. HP: 34/74 MP: 1/26
 18490 | D:10     | Found a bloodstained altar of Trog.
 19059 | Lair:1   | Entered Level 1 of the Lair of Beasts
 19077 | Lair:1   | Got a polished chain mail
 19088 | Lair:1   | Identified the +0 chain mail of Abstinence {rPois Int+3} (You found it on level 1 of the Lair of Beasts)
 19103 | Lair:1   | Learned a level 3 spell: Ozocubu's Armour
 19265 | Lair:1   | Noticed Gastronok
 20082 | Lair:1   | Noticed a six-headed hydra
 20499 | Lair:1   | Killed Gastronok
 20499 | Lair:1   | Reached skill level 10 in Conjurations
 20744 | Lair:1   | Killed a six-headed hydra
 22317 | Lair:2   | Reached skill level 11 in Air Magic
 22698 | Lair:2   | Reached skill level 12 in Air Magic
 22698 | Lair:2   | Reached XP level 12. HP: 81/81 MP: 19/27
 23238 | Lair:3   | Reached XP level 13. HP: 78/86 MP: 16/28
 24169 | Lair:3   | Found a staircase to the Swamp.
 25044 | Lair:4   | Found a staircase to the Snake Pit.
 25873 | Lair:4   | Found a runed door.
 26229 | Lair:5   | Found a frozen archway.
 26252 | IceCv    | Entered an ice cave
 27893 | IceCv    | Reached skill level 5 in Dodging
 27984 | IceCv    | Got a warped lead ring
 27989 | IceCv    | Identified the ring of the Mackerel {rF+ AC+1} (You found it in an ice cave)
 28119 | Lair:5   | Reached skill level 1 in Fighting
 28748 | Lair:5   | Noticed Kirke
 29165 | Lair:5   | Reached skill level 1 in Shields
 29198 | Lair:5   | Killed Kirke
 29570 | Lair:5   | Identified a scroll of acquirement
 29635 | Lair:5   | Got a slimy hat
 29646 | Lair:5   | Identified the +1 hat of the Harvest {rElec} (You acquired it on level 5 of the Lair of Beasts)
 30335 | Lair:5   | Reached skill level 5 in Fighting
 30878 | Lair:6   | Entered Level 6 of the Lair of Beasts
 31407 | Lair:6   | Found a staircase to the Slime Pits.
 31698 | Lair:5   | Reached XP level 14. HP: 107/107 MP: 17/32
 32001 | Lair:5   | Reached skill level 13 in Air Magic
 33698 | Lair:6   | Learned a level 2 spell: Blink
 33709 | Lair:6   | Learned a level 3 spell: Mephitic Cloud
 35184 | Lair:6   | Reached skill level 14 in Air Magic
 36134 | Lair:6   | Got a fine chain mail
 36146 | Lair:6   | Identified the +10 chain mail "Bieval" {Dex+4 SInv} (You found it on level 6 of the Lair of Beasts)
 36225 | Lair:5   | Reached skill level 1 in Armour
 36960 | D:11     | Noticed Urug
 36981 | D:11     | Killed Urug
 37855 | D:11     | Found a deep blue altar of Sif Muna.
 38109 | D:11     | Found a portal to a secret trove of treasure.
 38276 | D:12     | Reached skill level 5 in Armour
 38380 | D:12     | Found a staircase to the Orcish Mines.
 39128 | D:13     | Found a gateway to a bazaar.
 39688 | D:11     | Reached XP level 15. HP: 103/113 MP: 33/33
 40133 | D:13     | Found Giss's Jewellery Shoppe.
 40137 | D:13     | Bought the ring of Zohumm {+Inv rPois rF++ rC+ Int+5} for 1510 gold pieces
 40205 | D:13     | Found Costrargh's Food Shoppe.
 40210 | D:13     | Found Siashe's Food Shoppe.
 40246 | D:13     | Found Veud's General Store.
 40310 | D:13     | Found a gate to the Vaults.
 40657 | D:14     | Got a shimmering robe
 40714 | D:14     | Identified the +2 robe of Kymousm {rElec rF+ Slay+3} (You found it on level 14 of the Dungeon)
 42380 | D:15     | Entered Level 15 of the Dungeon
 42636 | D:15     | Found a staircase to the Depths.
 43401 | Orc:1    | Entered Level 1 of the Orcish Mines
 43418 | Orc:1    | Reached skill level 15 in Air Magic
 43421 | Orc:1    | Found Tadit's Magic Scroll Shop.
 43648 | Orc:1    | Bought a scroll of blinking for 105 gold pieces
 43648 | Orc:1    | Bought a scroll of identify for 28 gold pieces
 43648 | Orc:1    | Bought a scroll of blinking for 105 gold pieces
 43648 | Orc:1    | Bought a scroll of identify for 28 gold pieces
 43698 | Orc:1    | Found a radiant altar of Vehumet.
 43974 | Orc:2    | Entered Level 2 of the Orcish Mines
 43974 | Orc:2    | Found Essuos's Antique Weapon Emporium.
 43976 | Orc:2    | Noticed Donald
 43976 | Orc:2    | Noticed Azrael
 44239 | Orc:1    | Killed Azrael
 44592 | Orc:2    | Killed Donald
 45151 | Orc:1    | Reached skill level 15 in Conjurations
 45716 | Orc:2    | Reached skill level 1 in Staves
 45883 | Orc:2    | Found a roughly hewn altar of Beogh.
 46543 | Orc:2    | Found Hapi's Antique Weapon Emporium.
 46543 | Orc:2    | Found Nuwaur's General Store.
 46763 | Orc:2    | Found a staircase to the Elven Halls.
 46943 | Orc:2    | Found Inehijumn's Antique Weapon Emporium.
 46943 | Orc:2    | Found Nigeijy's Weapon Boutique.
 47374 | Swamp:1  | Entered Level 1 of the Swamp
 48751 | Swamp:1  | Reached skill level 5 in Staves
 50194 | Swamp:2  | Reached XP level 16. HP: 119/119 MP: 13/34
 51399 | Swamp:3  | Noticed Aizul
 51666 | Swamp:3  | Killed Aizul
 52985 | Swamp:4  | Entered Level 4 of the Swamp
 54210 | Swamp:3  | Reached skill level 10 in Staves
 56554 | Swamp:4  | Noticed the 27-headed Lernaean hydra
 56561 | Swamp:4  | Killed the 27-headed Lernaean hydra
 56815 | Swamp:4  | Got a decaying rune of Zot
 57408 | Snake:1  | Entered Level 1 of the Snake Pit
 59764 | Snake:1  | Reached XP level 17. HP: 77/126 MP: 22/35
 59897 | Snake:1  | Noticed Nikola
 59918 | Lair:4   | Killed Nikola
 61766 | Snake:2  | Noticed sverre's ghost (journeyman MiBe)
 62021 | Snake:2  | Found a blossoming altar of Fedhas.
 62345 | Snake:2  | Killed sverre's ghost
 62562 | Snake:2  | Noticed Vashnia
 63527 | Snake:2  | Killed Vashnia
 63893 | Snake:2  | Reached skill level 10 in Spellcasting
 67143 | Snake:3  | Found a glowing golden altar of the Shining One.
 67792 | Snake:4  | Entered Level 4 of the Snake Pit
 68260 | Snake:4  | Reached XP level 18. HP: 104/133 MP: 23/40
 68760 | Snake:3  | Reached skill level 16 in Air Magic
 70894 | Snake:4  | Reached skill level 17 in Air Magic
 72657 | Snake:4  | Got a serpentine rune of Zot
 72906 | Lair:3   | Reached skill level 18 in Air Magic
 73153 | Vaults:1 | Entered Level 1 of the Vaults
 73343 | Vaults:1 | Found Diuric's Antique Armour Boutique.
 73757 | Vaults:1 | Got a smoking glass ring
 73759 | Vaults:1 | Identified a ring "Tury" {rF- rC+ rN+ Str+5 Int+4} (You took it off an orc knight on level 1 of the Vaults)
 74092 | Vaults:1 | Noticed Jorgrun
 74099 | Vaults:1 | Killed Jorgrun
 74189 | Vaults:1 | Reached XP level 19. HP: 106/138 MP: 12/41
 79525 | Vaults:3 | Reached XP level 20. HP: 159/159 MP: 33/42
 79925 | Vaults:3 | Reached skill level 10 in Fighting
 81161 | Vaults:3 | Found a staircase to the Crypt.
 82793 | Vaults:4 | Paralysed by an ogre mage for 2 turns
 84208 | Vaults:5 | Entered Level 5 of the Vaults
 84876 | Elf:1    | Entered Level 1 of the Elven Halls
 86718 | Elf:2    | Found Kaaffia's Gadget Boutique.
 86719 | Elf:2    | Found Suiceo's Jewellery Shoppe.
 86876 | Elf:2    | Found a magical portal.
 86924 | WizLab   | Entered Cigotuvi's Fleshworks
 86994 | WizLab   | Reached XP level 21. HP: 146/171 MP: 28/43
 87652 | Elf:2    | Reached skill level 19 in Air Magic
 87753 | Elf:2    | Found Vuiza's Gadget Boutique.
 87814 | Elf:2    | Identified the +5 quarterstaff of Disorder {drain, rElec rF- rC+++ Str+4} (You found it on level 2 of the Elven Halls)
 88024 | Elf:2    | Found a runed gate.
 88024 | Elf:2    | Found a runed gate.
 88027 | Elf:2    | Found a runed gate.
 88258 | Elf:3    | Entered Level 3 of the Elven Halls
 88347 | Elf:3    | Identified the Almanac of the Creative Voyage
 88352 | Elf:3    | Learned a level 2 spell: Shroud of Golubria
 90295 | Elf:3    | Reached skill level 20 in Air Magic
 90706 | Elf:3    | Identified the ring "Idoth" {*Tele rN++ MR- Int-4 Slay+6} (You took it off a deep elf sorcerer on level 3 of the Elven Halls)
 90710 | Elf:3    | Got a twisted lajatang {venom}
 90714 | Elf:3    | Identified the +11 lajatang "Oholio" {venom, MR+} (You took it off a deep elf sorcerer on level 3 of the Elven Halls)
 91073 | Elf:3    | Identified the ring "Naoqeu" {+Fly MR+ SInv} (You took it off a deep elf sorcerer on level 3 of the Elven Halls)
 91730 | Elf:3    | Identified the +0 pair of gloves "Viagonie" {-Cast Dex+5} (You acquired it on level 3 of the Elven Halls)
 91875 | Elf:3    | Identified the Almanac of Assistive Transmutation
 94185 | Bazaar   | Entered a bazaar
 94193 | Bazaar   | Found Pofochan's Book Shop.
 94212 | Bazaar   | Found Muox's Jewellery Shop.
 94234 | Bazaar   | Bought a book of Power for 585 gold pieces
 94234 | Bazaar   | Bought the Papyrus of the Modern Stars for 958 gold pieces
 94245 | Bazaar   | Learned a level 7 spell: Orb of Destruction
 94252 | Bazaar   | Learned a level 6 spell: Deflect Missiles
 94491 | Slime:1  | Entered Level 1 of the Pits of Slime
 94508 | Slime:1  | Reached skill level 1 in Charms
 94775 | Slime:1  | Reached XP level 22. HP: 40/185 MP: 2/44
 94782 | Slime:1  | HP: 5/185 [acid (22)]
 94784 | Slime:1  | Slain by an acid blob

Skill      XL: |  1  2  3  4  5  6  7  8  9 10 11 12 13 14 15 16 17 18 19 20 21 |
---------------+----------------------------------------------------------------+-----
Conjurations   | 1 2 3 4 5 6 8 12 14 15 18 19 | 19.4
Air Magic      | 3 4 5 7 8 10 12 14 15 18 20 | 20.5
Spellcasting   | 2 3 4 6 7 9 12 | 12.7
Throwing       | 4 |  4.5
Dodging        | 5 |  5.2
Fighting       | 5 9 11 13 | 13.0
Shields        | 4 |  4.1
Armour         | 6 |  6.5
Staves         | 6 12 14 | 14.0
Charms         | 3 |  3.0
Short Blades   | |  0.8
Stealth        | |  1.7

Action                   |  1- 3 |  4- 6 |  7- 9 | 10-12 | 13-15 | 16-18 | 19-21 | 22-24 || total
-------------------------+-------+-------+-------+-------+-------+-------+-------+-------++-------
Melee: Dagger            |    67 |    49 |    40 |       |       |       |       |       ||   156
       Mace              |       |       |    40 |    24 |       |       |       |       ||    64
       Staff             |       |       |       |    48 |  1107 |   432 |     8 |       ||  1595
       Lajatang          |       |       |       |       |       |   888 |   541 |       ||  1429
       Kick              |       |       |       |       |       |       |     2 |       ||     2
 Cast: Shock             |    67 |   145 |   287 |   317 |   188 |     3 |     8 |       ||  1015
       Static Discharge  |       |     2 |     1 |     4 |    96 |   100 |    16 |       ||   219
       Airstrike         |       |     3 |    45 |   130 |   412 |   248 |   187 |       ||  1025
       Conjure Flame     |       |       |     3 |    18 |    21 |     4 |     2 |       ||    48
       Lightning Bolt    |       |       |     1 |    25 |   249 |   450 |   656 |     1 ||  1382
       Inner Flame       |       |       |       |     2 |     1 |       |       |       ||     3
       Ozocubu's Armour  |       |       |       |     1 |       |       |       |       ||     1
       Blink             |       |       |       |       |       |       |     1 |       ||     1
 Abil: Evoke Invisibilit |       |       |       |       |       |     1 |       |       ||     1
Evoke: Wand              |       |       |     6 |     4 |     1 |       |     1 |       ||    12
       Staff of Olgreb   |       |       |       |     3 |     1 |       |     5 |       ||     9
  Use: Scroll            |       |     3 |     9 |     7 |    26 |    18 |    22 |     2 ||    87
       Potion            |       |     1 |     2 |     4 |    10 |     4 |     9 |     1 ||    31
 Stab: Sleeping          |     3 |       |     2 |       |       |       |       |       ||     5
       Paralysed         |       |       |     6 |       |       |       |       |       ||     6
  Eat: Chunk             |     4 |    10 |    18 |    58 |   117 |    43 |     8 |       ||   258
       Royal jelly       |       |     1 |       |     1 |       |     2 |     4 |       ||     8
       Bread ration      |       |       |     1 |       |       |     7 |     3 |       ||    11
       Fruit             |       |       |     4 |       |       |     7 |     8 |       ||    19
       Meat ration       |       |       |     1 |       |       |     1 |     6 |       ||     8
Armor: Robe              |    11 |    17 |    29 |    45 |    50 |       |       |       ||   152
       Chain mail        |       |       |       |       |   492 |   741 |   438 |       ||  1671
Dodge: Dodged            |    46 |    70 |    74 |   110 |  1351 |  1235 |   346 |     3 ||  3235
       Deflected         |       |       |     6 |     2 |    30 |   118 |    58 |     1 ||   215
Block: Buckler           |       |       |       |       |   453 |   143 |       |       ||   596
